 Dungeon Crawl Stone Soup version 0.20.0-15-g7f486f2 (webtiles) character file.

1010 kuniqs the Covered (level 8, -8/70 HPs)
             Began as a Minotaur Fighter on June 10, 2017.
             Was an Initiate of Okawaru.
             Mangled by Prince Ribbit (12 damage)
             ... on level 5 of the Dungeon.
             The game lasted 00:07:30 (4756 turns).

kuniqs the Covered (Minotaur Fighter)               Turns: 4756, Time: 00:07:30

Health: -8/70      AC: 13    Str: 22    XL:     8   Next: 1%
Magic:  7/7        EV:  6    Int:  5    God:    Okawaru [......]
Gold:   279        SH: 18    Dex: 11    Spells: 7/7 levels left

rFire    + . .     SeeInvis .   h - -3 flail (curse)
rCold    . . .     Gourm    .   m - +3 large shield
rNeg     . . .     Faith    .   p - +0 chain mail
rPois    .         Spirit   .   (helmet restricted)
rElec    .         Reflect  .   (no cloak)
rCorr    .         Harm     .   (no gloves)
MR       +....                  l - +2 pair of boots
Stlth    ..........             (no amulet)
Regen    0.3/turn               k - ring of protection from magic
MPRegen  0.1/turn               n - ring of protection from fire

@: no status effects
A: retaliatory headbutt, horns 2
a: Renounce Religion


You were on level 5 of the Dungeon.
You worshipped Okawaru.
Okawaru was noncommittal.
You were hungry.

You visited 2 branches of the dungeon, and saw 7 of its levels.

You collected 279 gold pieces.

Inventory:

Hand Weapons
 a - a +0 flail
 h - a cursed -3 flail (weapon)
Armour
 l - a +2 pair of boots (worn)
 m - a +3 large shield (worn)
 p - a +0 chain mail (worn)
Jewellery
 k - a ring of protection from magic (left hand)
 n - a ring of protection from fire (right hand)
Wands
 q - a wand of digging (9/24)
Scrolls
 g - a scroll of immolation
 j - 2 scrolls of recharging
 r - a scroll of teleportation {unknown}
 t - 2 scrolls of fog
Potions
 c - a potion of mutation {unknown}
 f - a potion of heal wounds
 o - a potion of cancellation {unknown}
 s - a potion of curing {unknown}
 u - 2 potions of ambrosia {unknown}
Comestibles
 d - 7 bread rations
 e - 3 meat rations
 i - 2 royal jellies


   Skills:
 + Level 5.9 Fighting
 + Level 5.5 Maces & Flails
 + Level 6.1 Armour
 + Level 4.3 Dodging
 + Level 5.9 Shields
 + Level 1.1 Invocations


You had 7 spell levels left.
You didn't know any spells.

Dungeon Overview and Level Annotations

Branches:
Dungeon (6/15)             Temple (1/1) D:5

Altars:
Ashenzari
Cheibriados
Dithmenos
Elyvilon
Fedhas
Gozag
Hepliaklqana
Kikubaaqudgha
Makhleb
Okawaru
Qazlal
Ru
Sif Muna
Trog
Uskayaw
Xom
Zin
The Shining One

Shops:
D:4 }

Annotations:
D:3 Edmund; grindst0ne's ghost, amateur DrCj
D:5 Prince Ribbit


Innate Abilities, Weirdness & Mutations

You reflexively headbutt those who attack you in melee.
You have a pair of horns on your head.


Message History

You block the orc's attack.
Prince Ribbit blinks!
There is a stone staircase leading up here.
You see here a whip.
You sock the orc!
You kill the orc!
Okawaru accepts your kill.
Things that are here:
a trident; an arrow Prince Ribbit hits you but does no damage.
Prince Ribbit blinks!
You see here a book of Minor Magic.
You block Prince Ribbit's attack.
Prince Ribbit blinks!
Prince Ribbit hits you.
* * * LOW HITPOINT WARNING * * *
As you read the scroll labeled GITUKUYWKA, it crumbles to dust.
It is a scroll of enchant armour.
Your +2 large shield glows green for a moment.
Prince Ribbit hits you!
You die...

.....o..+.........
.......####...##.
......#......###.
....##.####.# #. ...# #.#
#.# #. ######'####.#
##<###. #........##.#
#.)F... #§####.#.##.#
#..#### #.#.@F...##.#
#..#
#.###.#§###...#.###..####
#.......# #...#....:##...
#####.#.###...#####.#<.♣.
#.#.............##...
#........############
######.### #.# #.#


You could see Prince Ribbit.

Vanquished Creatures
  2 phantoms (D:4)
  A centaur (D:4)
  Blork the orc (D:4)
  2 howler monkeys (D:4)
  2 crimson imps (D:5)
  A centaur skeleton (D:4)
  An orc priest (D:6)
  A bullfrog skeleton (D:4)
  2 hounds (D:5)
  A jelly (D:5)
  2 orc wizards
  Terence (D:3)
  3 worker ants
  9 gnolls
  4 adders
  A howler monkey skeleton (D:5)
  2 adder skeletons
  4 worms
  4 leopard geckos
  14 orcs
  3 ball pythons
  3 giant cockroaches
  3 goblins
  4 hobgoblins
  6 jackals
  2 quokkas
  2 bats
  A frilled lizard (D:4)
  7 kobolds
  7 rats
96 creatures vanquished.

Notes
Turn   | Place    | Note
-------+----------+-------------------------------------------
     0 | D:1      | kuniqs the Minotaur Fighter began the quest for the Orb.
     0 | D:1      | Reached XP level 1. HP: 19/19 MP: 0/0
   119 | D:1      | Reached XP level 2. HP: 22/27 MP: 1/1
   526 | D:2      | Reached skill level 1 in Dodging
   691 | D:2      | Reached XP level 3. HP: 30/33 MP: 2/2
   854 | D:2      | Found a hide-covered altar of Uskayaw.
  1012 | D:3      | Reached skill level 4 in Armour
  1065 | D:3      | Reached XP level 4. HP: 26/40 MP: 3/3
  1289 | D:3      | Noticed Terence
  1301 | D:3      | Killed Terence
  1899 | D:3      | Noticed grindst0ne's ghost (amateur DrCj)
  1938 | D:4      | Noticed Edmund
  1938 | D:4      | Noticed a phantom
  2000 | D:4      | Reached XP level 5. HP: 12/47 MP: 4/4
  2008 | D:4      | HP: 2/47 [adder (2)]
  2030 | D:4      | Noticed Blork the orc
  2042 | D:4      | Killed Blork the orc
  2042 | D:4      | Reached XP level 6. HP: 13/53 MP: 5/5
  2052 | D:4      | Reached skill level 5 in Armour
  2314 | D:4      | Reached skill level 5 in Shields
  2341 | D:4      | Reached skill level 5 in Fighting
  2491 | D:4      | Found a shadowy altar of Dithmenos.
  2536 | D:4      | You fall through a shaft for 2 floors!
  2553 | D:6      | Reached XP level 7. HP: 61/61 MP: 6/6
  2837 | D:5      | Entered Level 5 of the Dungeon
  2934 | D:5      | Reached skill level 5 in Maces & Flails
  3170 | D:5      | Found a bloodstained altar of Trog.
  3317 | D:5      | Found a staircase to the Ecumenical Temple.
  3326 | Temple   | Entered the Ecumenical Temple
  3482 | Temple   | Became a worshipper of Warmaster Okawaru
  3975 | D:4      | Found Xiwyc's Gadget Emporium.
  4409 | D:5      | Reached skill level 6 in Armour
  4429 | D:5      | Noticed Prince Ribbit
  4695 | D:4      | Reached skill level 1 in Invocations
  4695 | D:4      | Reached XP level 8. HP: 12/70 MP: 7/7
  4731 | D:5      | HP: 2/70 [Prince Ribbit (8)]
  4756 | D:5      | Mangled by Prince Ribbit

Skill      XL: |  1  2  3  4  5  6  7 |
---------------+----------------------+-----
Maces & Flails | 3 4 5 |  5.5
Dodging        | 1 2 3 4 |  4.3
Armour         | 4 5 6 |  6.1
Shields        | 4 5 |  5.9
Fighting       | 4 5 |  5.9
Invocations    | 1 |  1.1

Action                   |  1- 3 |  4- 6 |  7- 9 || total
-------------------------+-------+-------+-------++-------
Melee: Flail             |    91 |   136 |   147 ||   374
       Headbutt          |     8 |    24 |    34 ||    66
  Use: Potion            |       |     3 |       ||     3
       Scroll            |       |     4 |     3 ||     7
  Eat: Chunk             |     1 |     5 |     6 ||    12
Armor: Scale mail        |    43 |       |       ||    43
       Chain mail        |       |    82 |    56 ||   138
Dodge: Dodged            |    32 |    40 |    14 ||    86
Block: Shield            |    39 |    79 |       ||   118
       Large shield      |       |     2 |   120 ||   122
